 Dungeon Crawl Stone Soup version 0.27.0-1-g7a089689b8 (webtiles) character file.

Game seed: 16102969439066180300

0 mys the Vexing (level 1, 0/18 HPs)
             Began as a Naga Arcane Marksman on Aug 8, 2021.
             Slain by a quokka (3 damage)
             ... on level 1 of the Dungeon.
             The game lasted 00:00:07 (9 turns).

mys the Vexing (Naga Arcane Marksman)                  Turns: 9, Time: 00:00:08

Health: 0/18       AC:  1    Str: 12    XL:     1   Next: 10%
Magic:  2/2        EV:  9    Int: 13    God:
Gold:   0          SH:  0    Dex: 11    Spells: 1/2 levels left

rFire    . . .     SeeInvis +   a - +0 shortbow
rCold    . . .     Faith    .   (shield currently unavailable)
rNeg     . . .     Spirit   .   d - +0 robe
rPois    +         Reflect  .   (no helmet)
rElec    .         Harm     .   (no cloak)
rCorr    .         Rampage  .   (no gloves)
Will     .....                  (no barding)
Stlth    +.........             (no amulet)
HPRegen  0.06/turn              (no ring)
MPRegen  0.08/turn              (no ring)

@: very slow
A: AC +0, large, see invisible, deformed body, poison resistance, slowness 2,
spit poison 1, naga tail 1
a: Spit Poison


You were on level 1 of the Dungeon.
You visited 1 branch of the dungeon, and saw 1 of its levels.

Inventory:

Hand Weapons
 a - a +0 shortbow (weapon)
Missiles
 c - 14 arrows (quivered ammo)
Armour
 d - a +0 robe (worn)


   Skills:
 + Level 1.0 Fighting
 + Level 1.7 Bows
 + Level 1.5 Dodging
 + Level 1.0 Spellcasting
 + Level 3.0 Hexes


You had one spell level left.
You knew the following spells:

 Your Spells              Type           Power      Damage    Failure   Level
a - Corona                Hex            8%         N/A       9%          1

Your spell library contained the following spells:

 Spells                   Type           Power      Damage    Failure   Level
 Slow                     Hex            8%         N/A       12%         2
 Inner Flame              Hex/Fire       4%         N/A       41%         3
 Portal Projectile        Hex/Tloc       8%         N/A       41%         3
 Cause Fear               Hex            4%         N/A       63%         4


Dungeon Overview and Level Annotations

Branches:
Dungeon (1/15)

Altars:


Innate Abilities, Weirdness & Mutations

Your serpentine skin is tough. (AC +0)
You have supernaturally acute eyesight. (SInv)
Armour fits poorly on your strangely shaped body.
Your system is resistant to poisons. (rPois)
You cover ground very slowly.
You can spit poison.
You have a snake-like lower body.


Message History

You add the spells Corona, Slow, Inner Flame, Portal Projectile and Cause Fear to your library.
Welcome, mys the Naga Arcane Marksman.
Will you prevail where others failed? Will you find the Orb of Zot?
Press ? for a list of commands and other information.
Found a staircase leading out of the dungeon.
Found an escape hatch in the floor.
A rat and a quokka come into view.
You shoot an arrow. The arrow hits the rat.
The rat is severely wounded.
You shoot an arrow. The arrow barely misses the rat.
You shoot an arrow. The arrow closely misses the rat.
The rat bites you. x2
You shoot an arrow. The arrow hits the rat.
You kill the rat!
The quokka bites you. x2
* * * LOW HITPOINT WARNING * * *
You are too injured to fight recklessly!
You are too injured to fight recklessly!
Fire: 16 arrows
Press: ? - help, Q - select action, (/) - cycle Shift-Dir - straight line, f - quokka
Aim: a quokka (41% to hit)
You shoot an arrow. The arrow hits the quokka.
The quokka is heavily wounded.
The quokka bites you.
* * * LOW HITPOINT WARNING * * *
Unknown command.
Fire: 15 arrows
Press: ? - help, Q - select action, (/) - cycle Shift-Dir - straight line, f/p - quokka
Aim: a quokka (heavily wounded, 41% to hit)
You shoot an arrow. The arrow closely misses the quokka.
The quokka bites you.
You die...

. ## . ..##
##.#.#.##
##.#...#.##.
#.#.....#... #
#...........
#.####.#.....#
#....##.#@r(#
.......#.#(#.###
................
#.##..#<#>##(.##
.... ##.## .(..
#.## ## .##. # #


You could see a quokka.

Vanquished Creatures
  A rat (D:1)
1 creature vanquished.

Notes
Turn   | Place    | Note
-------+----------+-------------------------------------------
     0 | D:1      | mys the Naga Arcane Marksman began the quest for the Orb.
     0 | D:1      | Reached XP level 1. HP: 18/18 MP: 2/2
     9 | D:1      | Slain by a quokka

Illustrated notes

Levels and vault maps discovered:
D:1:      onia_arrival_handbag, layout_loops_ring, serial_bayou,
          serial_bayou_lagoon_a, serial_bayou_ford_a, serial_bayou_shore_a,
          serial_bayou_shore_b, serial_shops, shop, chequers_decorated_corner,
          minmay_misc_feat_cross, minmay_misc_feat_plants

Action                   || total
-------------------------++-------
 Fire: Shortbow          ||     6
